[Event "Titled Tuesday Blitz July 4 Early 2023"]
[White "robertoalejandro10"]
[Black "Mikhailovsky, Vladimir"]
[BlackFideId "34105414"]
[WhiteElo "2526"]
[BlackElo "2810"]
[Result "1/2-1/2"]
[Round "5"]
[TimeControl "180+2"]
[Date "2023.07.04"]
[WhiteClock "0:00:03"]
[BlackClock "0:00:05"]
[Board "82"]

1. Nf3 g6 2. c4 Bg7 3. g3 e5 4. Nc3 Ne7 5. Bg2 O-O 6. O-O c6 7. d4 d6 8. dxe5 dxe5 9. Qc2 Qc7 10. Bg5 h6 11. Bxe7 Qxe7 12. Rad1 Be6 13. b3 Nd7 14. Ne4 Rfd8 15. Nc3 a5 16. Nd2 Nc5 17. Nde4 Nxe4 18. Bxe4 f5 19. Bg2 e4 20. e3 h5 21. Ne2 Bf7 22. Rxd8+ Rxd8 23. Rd1 Rxd1+ 24. Qxd1 a4 25. Bf1 Bf6 26. Qd2 Kg7 27. Nd4 Qa3 28. Qc2 Qc5 29. Qd2 axb3 30. axb3 Qa3 31. Qc2 Qa1 32. Ne2 h4 33. Nf4 g5 34. Ne2 Be5 35. gxh4 gxh4 36. Nf4 Qe1 37. Ng2 Bxh2+ 38. Kxh2 Qxf1 39. Nxh4 Be6 40. Ng2 Kf7 41. Nf4 Qa1 42. Qe2 Qh8+ 43. Qh5+ Qxh5+ 44. Nxh5 Ke7 45. Kg3 Kd6 46. Kf4 Kc5 47. Ng7 Bf7 48. Nxf5 Kb4 49. Nd6 Bg8 50. Nxb7 Kxb3 51. Kxe4 Kxc4 52. Nd8 c5 53. f4 Bd5+ 54. Ke5 Bg8 55. f5 Kd3 56. e4 c4 57. Nc6 c3 58. Nb4+ Kc4 59. Nc2 Kd3 60. Nb4+ Kc4 61. Nc2 Kd3 62. Nb4+ 1/2-1/2


[Site "https://www.chess.com"]

[Event "Titled Tuesday Blitz July 4 Early 2023"]
[White "Hambleton, Aman"]
[Black "Besedes, Danilo"]
[WhiteFideId "2606577"]
[BlackFideId "946796"]
[WhiteElo "2776"]
[BlackElo "2521"]
[Result "0-1"]
[Round "5"]
[TimeControl "180+2"]
[Date "2023.07.04"]
[WhiteClock "0:00:00"]
[BlackClock "0:01:39"]
[Board "83"]

1. d4 d6 2. e4 Nf6 3. f3 Nbd7 4. c4 e5 5. Ne2 Be7 6. Nbc3 c6 7. Be3 Qc7 8. Qd2 a6 9. d5 cxd5 10. Nxd5 Nxd5 11. cxd5 O-O 12. Rc1 Qd8 13. g3 f5 14. Bh3 fxe4 15. fxe4 Nf6 16. Bg2 Ng4 17. Rc3 Bd7 18. Bg1 Bg5 19. Qd3 Qa5 20. a3 Rac8 21. h3 Nf6 22. Be3 Bxe3 23. Qxe3 Nh5 24. Bf3 Nf6 25. O-O Bxh3 26. Rfc1 Rxc3 27. Qxc3 Qb6+ 28. Kh2 Bg4 29. Bg2 Bxe2 30. Qc7 Qf2 31. Qxd6 Bf3 32. Rg1 Ng4+ 33. Kh3 Ne3 0-1


[Site "https://www.chess.com"]

[Event "Titled Tuesday Blitz July 4 Early 2023"]
[White "Jovic, Stanoje"]
[Black "Ashraf, Artin"]
[WhiteFideId "905020"]
[BlackFideId "22514805"]
[WhiteElo "2517"]
[BlackElo "2744"]
[Result "1-0"]
[Round "5"]
[TimeControl "180+2"]
[Date "2023.07.04"]
[WhiteClock "0:00:10"]
[BlackClock "0:00:00"]
[Board "84"]

1. c4 g6 2. g3 Bg7 3. Bg2 c5 4. Nc3 Nc6 5. Nf3 d6 6. O-O Qd7 7. e3 b6 8. d4 Bb7 9. b3 e6 10. Bb2 Nge7 11. Qd2 Rd8 12. Rad1 Qc8 13. d5 Ne5 14. Nxe5 dxe5 15. d6 Bxg2 16. Kxg2 Qc6+ 17. f3 Nc8 18. Ne4 h6 19. g4 f5 20. gxf5 exf5 21. Nc3 Rxd6 22. Nd5 Ne7 23. e4 f4 24. Rg1 g5 25. h4 Ng6 26. h5 Nh4+ 27. Kf2 Kf7 28. Rg4 Rhd8 29. Rdg1 Qe8 30. Bc3 Kf8 31. Qb2 R8d7 32. Rxh4 gxh4 33. Rxg7 Kxg7 34. Bxe5+ Kf7 35. Bxf4 Qg8 36. Qe5 Re6 37. Qf5+ Ke8 38. Nf6+ Rxf6 39. Qxf6 Qf7 40. Qxh6 h3 41. Qh8+ Qf8 42. Qe5+ Qe7 43. Qf5 Qh4+ 44. Bg3 Qe7 45. Qxh3 Rd2+ 46. Ke3 Rd1 47. Qf5 Qd7 48. Qxd7+ Kxd7 49. h6 Rh1 50. Bf4 Rh5 51. Kf2 Ke6 52. Kg3 a6 53. Kg4 Rh1 54. Bg5 b5 55. f4 Rg1+ 56. Kh5 Kf7 57. e5 Rh1+ 58. Kg4 bxc4 59. bxc4 Rc1 60. Kf5 Rxc4 61. e6+ Kg8 62. h7+ Kxh7 63. e7 1-0


[Site "https://www.chess.com"]

[Event "Titled Tuesday Blitz July 4 Early 2023"]
[White "Cugimura97"]
[Black "Rangel, Daniel"]
[BlackFideId "2124475"]
[WhiteElo "2691"]
[BlackElo "2516"]
[Result "1-0"]
[Round "5"]
[TimeControl "180+2"]
[Date "2023.07.04"]
[WhiteClock "0:01:13"]
[BlackClock "0:00:00"]
[Board "85"]

1. d4 Nf6 2. Nf3 g6 3. g3 Bg7 4. Bg2 O-O 5. O-O c5 6. dxc5 Na6 7. Be3 Ne4 8. Bd4 Bxd4 9. Qxd4 Nexc5 10. Nc3 d6 11. Qh4 f6 12. Qh6 Bf5 13. Nh4 Bxc2 14. Rac1 Bf5 15. Nxf5 gxf5 16. Qf4 Qb6 17. Nd5 Qd8 18. Ne3 e6 19. g4 fxg4 20. Qxg4+ Kh8 21. b4 f5 22. Qc4 f4 23. Qc3+ e5 24. bxc5 fxe3 25. f4 Rg8 26. c6 bxc6 27. Qxc6 Nc5 28. fxe5 Qg5 29. exd6 Rac8 30. Qf3 Rcf8 31. Qg3 Rf2 32. Qxg5 Rxg5 33. Rxf2 exf2+ 34. Kxf2 Re5 35. Bf3 1-0


[Site "https://www.chess.com"]

[Event "Titled Tuesday Blitz July 4 Early 2023"]
[White "Ronka, Erik"]
[Black "Koshulyan, Egor A."]
[WhiteFideId "505080"]
[BlackFideId "24237000"]
[WhiteElo "2514"]
[BlackElo "2688"]
[Result "0-1"]
[Round "5"]
[TimeControl "180+2"]
[Date "2023.07.04"]
[WhiteClock "0:01:46"]
[BlackClock "0:02:38"]
[Board "86"]

1. e4 c5 2. Nf3 Nc6 3. d4 cxd4 4. Nxd4 Nf6 5. Nc3 e5 6. Ndb5 d6 7. Bg5 a6 8. Na3 Be6 9. Nc4 Rb8 10. Nd5 Bxd5 11. exd5 Ne7 12. Bxf6 gxf6 13. Ne3 f5 14. g4 Bh6 15. Nxf5 Nxf5 16. gxf5 Qb6 17. Rb1 Qb4+ 0-1


[Site "https://www.chess.com"]

[Event "Titled Tuesday Blitz July 4 Early 2023"]
[White "Kirillov, Dmitry"]
[Black "Amilal Munkhdalai"]
[WhiteFideId "34180572"]
[BlackFideId "4903250"]
[WhiteElo "2513"]
[BlackElo "2682"]
[Result "0-1"]
[Round "5"]
[TimeControl "180+2"]
[Date "2023.07.04"]
[WhiteClock "0:01:13"]
[BlackClock "0:01:12"]
[Board "87"]

1. d4 Nf6 2. c4 e6 3. Nf3 d5 4. Qc2 b6 5. cxd5 Nxd5 6. Bf4 Nxf4 7. e4 Bb7 8. g3 Ng6 9. h4 Bb4+ 10. Nc3 h6 11. Qa4+ Nc6 12. Bb5 Bxc3+ 13. bxc3 Ne7 14. Ne5 Qd6 15. Nc4 Qd8 16. Ne5 Qd6 17. Nc4 Qd7 18. Ne5 Nxe5 19. Bxd7+ Nxd7 20. e5 Bxh1 21. O-O-O Bc6 22. Qa6 O-O 23. g4 Rfc8 24. f4 Bf3 25. f5 Bxd1 26. f6 Nd5 27. Kxd1 c5 28. g5 Nxc3+ 29. Kd2 cxd4 30. gxh6 Ne4+ 31. Kd1 g6 32. h5 Nxe5 33. hxg6 Nxg6 34. Qb7 Nc3+ 35. Kd2 Nd5 36. h7+ Kf8 37. Qa6 Nxf6 0-1


[Site "https://www.chess.com"]

[Event "Titled Tuesday Blitz July 4 Early 2023"]
[White "Korkmaz, Necmettin"]
[Black "Danielyan, Vahe"]
[WhiteFideId "6303285"]
[BlackFideId "13304828"]
[WhiteElo "2512"]
[BlackElo "2680"]
[Result "0-1"]
[Round "5"]
[TimeControl "180+2"]
[Date "2023.07.04"]
[WhiteClock "0:02:13"]
[BlackClock "0:01:31"]
[Board "88"]

1. e4 c5 2. Nc3 e6 3. f4 d5 4. Nf3 dxe4 5. Nxe4 Nc6 6. Bb5 Bd7 7. O-O Be7 8. Qe2 Nh6 9. Bxc6 Bxc6 10. Ne5 Rc8 11. Nxc6 Rxc6 12. d3 O-O 13. Bd2 Nf5 14. Bc3 Nd4 15. Qf2 b5 16. a3 Qd5 17. Rae1 Rd8 18. Ng3 Bf6 19. f5 exf5 20. Nxf5 Nxf5 21. Bxf6 Rxf6 22. Qe2 Re6 23. Qg4 Ne3 24. Qf3 Nxf1 0-1


[Site "https://www.chess.com"]

[Event "Titled Tuesday Blitz July 4 Early 2023"]
[White "Soham Kamotra"]
[Black "Fantastic_Power"]
[WhiteFideId "46647490"]
[WhiteElo "2637"]
[BlackElo "2510"]
[Result "0-1"]
[Round "5"]
[TimeControl "180+2"]
[Date "2023.07.04"]
[WhiteClock "0:00:03"]
[BlackClock "0:01:05"]
[Board "89"]

1. d3 d5 2. Qd2 e5 3. Kd1 Nf6 4. Qe1 Nc6 5. Bg5 h6 6. Bxf6 Qxf6 7. Nd2 Be6 8. e3 g5 9. Ne2 Bg7 10. g3 e4 11. d4 Qe7 12. c3 a5 13. h4 a4 14. a3 Na5 15. Bh3 f5 16. Bg2 Qd7 17. hxg5 hxg5 18. Rxh8+ Bxh8 19. Qh1 O-O-O 20. Qh6 Qe7 21. Kc2 Bf6 22. Rh1 Rh8 23. Qg6 Rg8 24. Qh5 Bf7 25. Qh3 Qd7 26. Qh6 Bg6 27. Qh2 Qb5 28. Bf1 Qd3+ 29. Kc1 Nb3+ 30. Nxb3 axb3 0-1


[Site "https://www.chess.com"]

[Event "Titled Tuesday Blitz July 4 Early 2023"]
[White "Le Ruyet, Leopold"]
[Black "Deng, Henry"]
[WhiteFideId "645923"]
[BlackFideId "30965454"]
[WhiteElo "2633"]
[BlackElo "2508"]
[Result "0-1"]
[Round "5"]
[TimeControl "180+2"]
[Date "2023.07.04"]
[WhiteClock "0:00:40"]
[BlackClock "0:00:17"]
[Board "90"]

1. e4 c5 2. Nf3 e6 3. d4 cxd4 4. Nxd4 Nf6 5. Nc3 Nc6 6. Ndb5 Bb4 7. a3 Bxc3+ 8. Nxc3 d5 9. Bd3 dxe4 10. Nxe4 Nxe4 11. Bxe4 Qxd1+ 12. Kxd1 Bd7 13. Re1 O-O-O 14. Be3 Nd4 15. Kc1 Bc6 16. Bxc6 Nxc6 17. c3 Rd5 18. Kc2 Rhd8 19. Rad1 a6 20. Rxd5 Rxd5 21. Rd1 Rxd1 22. Kxd1 e5 23. Kc2 Kd7 24. Kd3 Kd6 25. b4 f5 26. Kc4 b5+ 27. Kb3 Kd5 28. c4+ bxc4+ 29. Kc3 Nd4 30. a4 f4 31. Bd2 g5 32. f3 h5 33. h3 Ne2+ 34. Kc2 e4 35. fxe4+ Kxe4 36. a5 Nd4+ 37. Kc3 Kd5 38. Be1 Nb5+ 39. Kc2 Ke4 40. Bf2 g4 41. hxg4 hxg4 42. Kd2 f3 43. g3 Kd5 44. Kc2 Ke4 45. Kd2 c3+ 46. Kc2 Kd5 47. Kd3 c2 48. Kxc2 Kc4 49. Be1 Nd4+ 50. Kd2 Nf5 51. Kc2 Ne3+ 52. Kd2 Nd5 53. Bf2 Kxb4 54. Bb6 Kc4 55. Kc2 Nf6 56. Bc7 Ne4 57. Kd1 Kd3 58. Bb6 f2 59. Bxf2 Nxf2+ 60. Ke1 Ne4 61. Kf1 Nxg3+ 62. Kg2 Ne4 0-1


[Site "https://www.chess.com"]

[Event "Titled Tuesday Blitz July 4 Early 2023"]
[White "Vaibhav Jayant Raut"]
[Black "Keleberda, Tymur"]
[WhiteFideId "5089034"]
[BlackFideId "14174294"]
[WhiteElo "2630"]
[BlackElo "2504"]
[Result "1-0"]
[Round "5"]
[TimeControl "180+2"]
[Date "2023.07.04"]
[WhiteClock "0:00:09"]
[BlackClock "0:00:04"]
[Board "91"]

1. e4 c5 2. Nf3 d6 3. d4 cxd4 4. Qxd4 a6 5. Bg5 Nc6 6. Qd2 g6 7. Nc3 Bg7 8. O-O-O h6 9. Be3 Nf6 10. h3 b5 11. e5 dxe5 12. Qxd8+ Nxd8 13. Nxe5 Bb7 14. f3 Rc8 15. Be2 Nh5 16. f4 Ng3 17. Rhe1 Nxe2+ 18. Rxe2 Ne6 19. g3 Bxe5 20. fxe5 Bf3 21. Rf1 Bxe2 22. Nxe2 Rc4 23. c3 Re4 24. Kd2 Rxe5 25. Nd4 Nxd4 26. Bxd4 Rd5 27. Kc2 O-O 28. Re1 e5 29. Be3 Kg7 30. a4 f6 31. axb5 axb5 32. Ra1 Rfd8 33. Ra7+ R8d7 34. Ra6 g5 35. h4 Kg6 36. b4 g4 37. h5+ Kg7 38. Rb6 Rd3 39. Bc5 e4 40. Re6 Rd2+ 41. Kb3 Re2 42. Bd4 Rf7 43. Rb6 Re1 44. Re6 Kf8 45. Kc2 Re2+ 46. Kb3 e3 47. Bxe3 Re7 48. Bxh6+ Kf7 49. Rb6 R2e5 50. Bf4 Rxh5 51. c4 bxc4+ 52. Kxc4 Re4+ 53. Kd3 Re1 54. Rb7+ Kg6 55. Rb8 Rb1 56. Kc2 Re1 57. b5 Re2+ 58. Kc3 Re4 59. b6 Rc5+ 60. Kd3 Re7 61. b7 Kf5 62. Rc8 Rd5+ 63. Kc4 Rxb7 64. Kxd5 Rd7+ 65. Bd6 Ra7 66. Rc5 Kg6 67. Ke4 Ra4+ 68. Ke3 Ra1 69. Kf4 Ra4+ 70. Ke3 Ra3+ 71. Ke2 Ra2+ 72. Kd3 Ra3+ 73. Rc3 Ra4 74. Bf4 Kf5 75. Rc5+ Kg6 76. Rc4 Ra2 77. Kd4 Kf5 78. Kc5 Kg6 79. Kd6 Re2 80. Rd4 Kf5 81. Kd7 Kg6 82. Bc7 Kf5 83. Rf4+ Kg5 84. Bd8 Rd2+ 85. Ke8 Kg6 86. Rxf6+ Kg7 87. Rf4 Re2+ 88. Be7 Rd2 89. Rxg4+ Kh7 90. Rf4 Rg2 91. g4 Kg6 92. g5 Kg7 93. Bf6+ Kg6 94. Rh4 Re2+ 95. Kf8 Ra2 96. Rh6+ Kf5 97. Be7 Ra8+ 98. Kf7 Ra7 99. Rf6+ Ke5 100. g6 Ra8 101. g7 Ra1 102. g8=Q Re1 103. Qg5+ Kd4 104. Rf4+ Kd3 105. Qg3+ Re3 106. Rf3 1-0


[Site "https://www.chess.com"]

[Event "Titled Tuesday Blitz July 4 Early 2023"]
[White "musclemonster12"]
[Black "Niekras, Dawid"]
[BlackFideId "1160451"]
[WhiteElo "2504"]
[BlackElo "2625"]
[Result "1-0"]
[Round "5"]
[TimeControl "180+2"]
[Date "2023.07.04"]
[WhiteClock "0:00:15"]
[BlackClock "0:00:00"]
[Board "92"]

1. Nf3 c5 2. g3 g6 3. Bg2 Bg7 4. O-O Nf6 5. c4 O-O 6. Nc3 Nc6 7. d4 d5 8. dxc5 dxc4 9. Qa4 Qa5 10. Qxc4 Be6 11. Qb5 Qxb5 12. Nxb5 Rac8 13. Nc3 Rfd8 14. Be3 Nd5 15. Nxd5 Bxd5 16. Rfd1 Bc4 17. Rd2 Rxd2 18. Nxd2 Bxe2 19. Re1 Ba6 20. Bxc6 bxc6 21. b3 Bc3 22. Rc1 Bb2 23. Rc2 Be5 24. Nc4 Bc7 25. Kg2 f6 26. Rd2 Kf7 27. h4 Ke6 28. g4 h5 29. gxh5 gxh5 30. Kf3 Rg8 31. Na3 Rg1 32. Nc2 Rh1 33. Nd4+ Kd7 34. Kg2 Rxh4 35. Nf5+ 1-0


[Site "https://www.chess.com"]

[Event "Titled Tuesday Blitz July 4 Early 2023"]
[White "Kupervaser, Erez"]
[Black "Girya, Olga"]
[WhiteFideId "2814587"]
[BlackFideId "4195752"]
[WhiteElo "2497"]
[BlackElo "2618"]
[Result "0-1"]
[Round "5"]
[TimeControl "180+2"]
[Date "2023.07.04"]
[WhiteClock "0:02:31"]
[BlackClock "0:02:54"]
[Board "93"]

1. e4 e5 2. Nf3 Nc6 3. d4 exd4 4. Nxd4 Nf6 5. Nxc6 bxc6 6. e5 Qe7 7. Qe2 Nd5 8. h4 d6 9. c4 Nb6 10. exd6 Qxe2+ 11. Bxe2 Bxd6 12. b3 Be5 0-1


[Site "https://www.chess.com"]

[Event "Titled Tuesday Blitz July 4 Early 2023"]
[White "Kononenko, Dmitry"]
[Black "Herzog2012"]
[WhiteFideId "14113538"]
[WhiteElo "2612"]
[BlackElo "2495"]
[Result "1-0"]
[Round "5"]
[TimeControl "180+2"]
[Date "2023.07.04"]
[WhiteClock "0:00:16"]
[BlackClock "0:00:00"]
[Board "94"]

1. e4 c5 2. Nf3 Nc6 3. d4 cxd4 4. Nxd4 Nf6 5. Nc3 d6 6. Bc4 Qb6 7. Nde2 g6 8. Bb3 Bg7 9. Be3 Qa5 10. f3 O-O 11. Qd2 b5 12. O-O Rd8 13. a4 b4 14. Nd5 Ba6 15. Rfd1 Rac8 16. Nd4 Nxd4 17. Nxf6+ Bxf6 18. Bxd4 Bxd4+ 19. Qxd4 Qc5 20. Kf2 Bc4 21. Qxc5 Rxc5 22. Rd2 Bxb3 23. cxb3 Rdc8 24. Ke3 a5 25. Rad1 Kg7 26. Rd5 Kf6 27. Rxc5 Rxc5 28. Rd2 Ke6 29. Kd4 Rc1 30. h3 Kd7 31. Ke3 Kc6 32. f4 e6 33. h4 Kc5 34. f5 gxf5 35. exf5 e5 36. Ke4 Re1+ 37. Kf3 Rf1+ 38. Kg4 f6 39. Rc2+ Kd5 40. Rd2+ Kc6 41. Rc2+ Kd7 42. Rd2 Rf4+ 43. Kg3 Rxf5 44. Rd5 Rf1 45. Rxa5 Rb1 46. Rb5 Rxb2 47. Rxb4 Ke6 48. a5 d5 49. a6 Ra2 50. Ra4 Rb2 51. a7 Rxb3+ 52. Kh2 Kf5 53. a8=Q d4 54. Qc8+ Ke4 55. Qc6+ Kf5 56. Qd7+ Kf4 57. Ra2 Ke4 58. Qg4+ Kd5 59. Qg8+ Ke4 60. Qxb3 d3 61. Ra4+ Ke3 62. Qb6+ Ke2 63. Ra2+ 1-0


[Site "https://www.chess.com"]

[Event "Titled Tuesday Blitz July 4 Early 2023"]
[White "Shubenkova, Veronika"]
[Black "Sadykov, Ramil"]
[WhiteFideId "44124040"]
[BlackFideId "24113590"]
[WhiteElo "2495"]
[BlackElo "2612"]
[Result "1-0"]
[Round "5"]
[TimeControl "180+2"]
[Date "2023.07.04"]
[WhiteClock "0:01:40"]
[BlackClock "0:00:00"]
[Board "95"]

1. e4 c5 2. Nc3 Nc6 3. g3 g6 4. Bg2 Bg7 5. d3 e6 6. f4 Nge7 7. Nf3 d5 8. O-O O-O 9. e5 f6 10. exf6 Bxf6 11. Qe1 Nf5 12. Ne5 Ncd4 13. Rf2 Bg7 14. Nd1 Qc7 15. c3 Nc6 16. Nxc6 Qxc6 17. Ne3 Nxe3 18. Bxe3 b6 19. Qe2 Bb7 20. Re1 Rae8 21. d4 a5 22. h4 cxd4 23. Bxd4 Bxd4 24. cxd4 b5 25. Bh3 Rf6 26. h5 Qc4 27. Qe5 Kf7 28. g4 gxh5 29. Qxh5+ Ke7 30. Qxh7+ Rf7 31. Qh4+ Kd7 32. Qh5 Ree7 33. Qe5 Qc7 34. g5 Qxe5 35. Rxe5 Kd6 36. Kg2 b4 37. Kg3 Ba6 38. Rf3 a4 39. Rfe3 Bc8 40. Bf1 Bd7 41. g6 Rg7 42. Bd3 Be8 43. Rg5 1-0


[Site "https://www.chess.com"]

[Event "Titled Tuesday Blitz July 4 Early 2023"]
[White "Novik, Maxim"]
[Black "Skliarov, Viktor"]
[WhiteFideId "4102924"]
[BlackFideId "14106736"]
[WhiteElo "2495"]
[BlackElo "2612"]
[Result "1/2-1/2"]
[Round "5"]
[TimeControl "180+2"]
[Date "2023.07.04"]
[WhiteClock "0:00:03"]
[BlackClock "0:00:05"]
[Board "96"]

1. e4 c5 2. Nc3 Nc6 3. Bb5 Nd4 4. Nf3 g6 5. O-O Nxb5 6. Nxb5 a6 7. Nc3 Bg7 8. d4 cxd4 9. Nxd4 d6 10. Be3 Nf6 11. f3 O-O 12. Qd2 b5 13. Bh6 Bb7 14. Bxg7 Kxg7 15. Rad1 Rc8 16. Kh1 Qb6 17. Nce2 Rc7 18. c3 e5 19. Nf5+ Kh8 20. Qh6 Rg8 21. Rxd6 Rc6 22. Rfd1 Ne8 23. Rxc6 Bxc6 24. Ne7 Rg7 25. Nxc6 Qxc6 26. Rd8 f6 27. Qd2 Kg8 28. Ng3 Kf8 29. Nf1 Ke7 30. Ne3 Nc7 31. Rc8 Ke6 32. Qd8 Qd7 33. Kg1 Qxd8 34. Rxd8 Rd7 35. Rxd7 Kxd7 36. Kf2 Kd6 37. g3 Kc5 38. Ke2 a5 39. Kd3 a4 40. b3 axb3 41. axb3 Kd6 42. b4 Ke6 43. c4 f5 44. Nd5 bxc4+ 45. Kxc4 Ne8 46. b5 Nd6+ 47. Kc5 fxe4 48. fxe4 Nxe4+ 49. Kc6 Nd6 50. b6 e4 51. Ne3 Ke5 52. Kc5 Ke6 53. Nc4 Nb7+ 54. Kc6 Nd8+ 55. Kc7 Ke7 56. b7 Nxb7 57. Kxb7 Ke6 58. Kc6 h5 59. Kc5 Kf5 60. Kd4 Kg4 61. Kxe4 Kh3 62. Ne3 Kxh2 63. Kf4 Kh3 64. Nf1 h4 65. g4 Kg2 66. Ne3+ Kf2 67. g5 h3 68. Ng4+ Kg2 69. Ke5 Kg3 70. Ne3 Kf3 71. Nf1 Kg2 72. Ne3+ Kf3 73. Nf1 Kg2 74. Ne3+ Kf3 1/2-1/2


[Site "https://www.chess.com"]

[Event "Titled Tuesday Blitz July 4 Early 2023"]
[White "Gheorghiu, Calin"]
[Black "Borgaonkar Akshay"]
[WhiteFideId "1200305"]
[BlackFideId "25639110"]
[WhiteElo "2494"]
[BlackElo "2609"]
[Result "0-1"]
[Round "5"]
[TimeControl "180+2"]
[Date "2023.07.04"]
[WhiteClock "0:00:43"]
[BlackClock "0:00:42"]
[Board "97"]

1. e4 c5 2. Nf3 a6 3. c3 e6 4. d4 d5 5. e5 Bd7 6. Bd3 Nc6 7. O-O Qb6 8. dxc5 Bxc5 9. b4 Be7 10. a3 Qc7 11. Qe2 h5 12. Nbd2 Nh6 13. Nb3 Ng4 14. Re1 O-O-O 15. a4 f6 16. b5 Ncxe5 17. bxa6 Nxf3+ 18. Qxf3 Qxh2+ 19. Kf1 e5 20. axb7+ Kb8 21. a5 e4 22. Qf4+ Bd6 23. Qxh2 Nxh2+ 24. Kg1 exd3 25. a6 Ng4 26. Na5 Bc5 27. Be3 Nxe3 28. fxe3 Rhe8 29. Reb1 Rxe3 30. Kh1 Re4 31. g3 Ba7 0-1


[Site "https://www.chess.com"]

[Event "Titled Tuesday Blitz July 4 Early 2023"]
[White "IrI_Cheetah"]
[Black "Akhmetov, Ayan"]
[BlackFideId "13703706"]
[WhiteElo "2487"]
[BlackElo "2608"]
[Result "1-0"]
[Round "5"]
[TimeControl "180+2"]
[Date "2023.07.04"]
[WhiteClock "0:02:05"]
[BlackClock "0:01:53"]
[Board "98"]

1. e4 c5 2. Nf3 d6 3. Bb5+ Nd7 4. O-O Nf6 5. Ba4 Nxe4 6. Re1 Nf6 7. d4 e6 8. d5 e5 9. Nxe5 dxe5 10. Rxe5+ Be7 11. d6 a6 12. Rxe7+ Kf8 13. Bb3 1-0


[Site "https://www.chess.com"]

[Event "Titled Tuesday Blitz July 4 Early 2023"]
[White "Karttunen, Mika"]
[Black "Reprintsev, Alexander"]
[WhiteFideId "502081"]
[BlackFideId "14100541"]
[WhiteElo "2606"]
[BlackElo "2484"]
[Result "1-0"]
[Round "5"]
[TimeControl "180+2"]
[Date "2023.07.04"]
[WhiteClock "0:00:13"]
[BlackClock "0:00:00"]
[Board "99"]

1. c4 e5 2. Nc3 Bb4 3. Nf3 Nc6 4. d3 Nf6 5. e4 d6 6. a3 Bxc3+ 7. bxc3 Ne7 8. g3 c5 9. Bg2 b6 10. O-O h6 11. Ne1 O-O 12. f4 Bb7 13. fxe5 dxe5 14. Bxh6 Nh7 15. Be3 f5 16. Qh5 fxe4 17. Rxf8+ Qxf8 18. Qxe5 Re8 19. Bxe4 Ng6 20. Qf5 Qxf5 21. Bxf5 Rxe3 22. Bxg6 Ng5 23. Bf5 Re2 24. Bg4 Rb2 25. h4 Nf7 26. Be6 Kf8 27. Bxf7 Kxf7 28. Rc1 Kf6 29. Rc2 Rb1 30. Kf2 Kf5 31. Re2 g6 32. Re7 Rb2+ 33. Ke3 Bc6 34. Rc7 Ba4 35. Rxa7 Bd1 36. Rf7+ Kg4 37. Rf2 Rb3 38. Kd2 Rb1 39. Ke3 Ra1 40. Ng2 Kxg3 41. Nf4 Rxa3 42. Rf1 Bh5 43. Rg1+ Kxh4 44. Nd5 Rb3 45. Rh1+ Kg3 46. Rg1+ Kh2 47. Rg5 Rb1 48. Kf4 Rf1+ 49. Ke5 Rb1 50. Nf4 Rb2 51. Kd6 Bf3 52. Rxg6 Rb3 53. Kc7 Rxc3 54. Kxb6 Bd1 55. Kxc5 Bc2 56. Kd4 Ra3 57. Rg2+ Kh1 58. Rxc2 1-0


[Site "https://www.chess.com"]

[Event "Titled Tuesday Blitz July 4 Early 2023"]
[White "Subelj, Jan"]
[Black "Rizzo, Tobias"]
[WhiteFideId "14618583"]
[BlackFideId "30942691"]
[WhiteElo "2606"]
[BlackElo "2478"]
[Result "0-1"]
[Round "5"]
[TimeControl "180+2"]
[Date "2023.07.04"]
[WhiteClock "0:00:00"]
[BlackClock "0:00:15"]
[Board "100"]

1. e4 c5 2. Nf3 e6 3. d3 d5 4. Nbd2 Nc6 5. Be2 Nf6 6. O-O Be7 7. c3 O-O 8. e5 Nd7 9. d4 Qb6 10. Nb3 a5 11. dxc5 Qc7 12. Bf4 a4 13. Nbd4 Nxc5 14. Nb5 Qb8 15. Re1 f6 16. exf6 Qxf4 17. fxe7 Nxe7 18. Qd4 Qxd4 19. cxd4 Na6 20. Bd1 Bd7 21. Nc3 b5 22. a3 Rac8 23. Ne5 Be8 24. Nd3 Bd7 25. Bg4 Nf5 26. Bxf5 Rxf5 27. Rac1 Kf7 28. Ne5+ Ke7 29. Ne2 Rff8 30. Nd3 Rc4 31. Ne5 Rcc8 32. Rxc8 Rxc8 33. Nc3 Kd6 34. Nd3 Rc4 35. Ne2 Rc2 36. Kf1 b4 37. Rc1 Rd2 38. Ndf4 Bb5 39. Ke1 Rxb2 40. axb4 Nxb4 0-1


[Site "https://www.chess.com"]

[Event "Titled Tuesday Blitz July 4 Early 2023"]
[White "Kashlinskaya, Alina"]
[Black "Yeritsyan, Hayk"]
[WhiteFideId "4198026"]
[BlackFideId "13307320"]
[WhiteElo "2605"]
[BlackElo "2475"]
[Result "0-1"]
[Round "5"]
[TimeControl "180+2"]
[Date "2023.07.04"]
[WhiteClock "0:00:12"]
[BlackClock "0:00:14"]
[Board "101"]

1. Nf3 d5 2. g3 Nf6 3. Bg2 Bf5 4. O-O e6 5. d3 h6 6. Nbd2 c6 7. Qe1 Be7 8. e4 Bh7 9. e5 Nfd7 10. Qe2 O-O 11. Re1 c5 12. Nf1 Nc6 13. g4 Qc7 14. Bf4 Rac8 15. Ng3 Nd4 16. Nxd4 cxd4 17. Rac1 Qb6 18. b3 Qc7 19. Nh5 Ba3 20. Rcd1 Qxc2 21. Rd2 Qc7 22. Red1 Bb4 23. Rb2 Bc3 24. Rc2 Bg6 25. Ng3 f6 26. exf6 Qxf4 27. Qxe6+ Rf7 28. Bxd5 Nb6 29. fxg7 Nxd5 30. Qxc8+ Kxg7 31. Qe6 Qf3 32. Qe5+ Kh7 33. Qe2 Qxe2 34. Nxe2 b5 35. a3 a5 36. Kg2 b4 37. a4 h5 38. h3 Kh6 39. Kg3 hxg4 40. hxg4 Kg5 41. Ng1 Nf4 42. Nh3+ Nxh3 43. Kxh3 Rf3+ 44. Kg2 Kxg4 45. Re2 Bxd3 46. Re5 Bc2 47. Rh1 Rf5 48. f3+ Kg5 49. Re6 d3 50. Rhh6 Rf6 51. Rhxf6 Bxf6 52. Rd6 Bc3 53. Kf2 d2 54. Ke2 Bxb3 0-1


[Site "https://www.chess.com"]

[Event "Titled Tuesday Blitz July 4 Early 2023"]
[White "Balla, Tamas-Kristof"]
[Black "Domingo Nunez, Ruben"]
[WhiteFideId "1208497"]
[BlackFideId "22245570"]
[WhiteElo "2474"]
[BlackElo "2600"]
[Result "0-1"]
[Round "5"]
[TimeControl "180+2"]
[Date "2023.07.04"]
[WhiteClock "0:00:57"]
[BlackClock "0:01:30"]
[Board "102"]

1. e4 g6 2. d4 Bg7 3. Nc3 c6 4. f4 d5 5. e5 f6 6. h3 Nh6 7. Nf3 O-O 8. Be2 fxe5 9. fxe5 c5 10. O-O Nf5 11. dxc5 e6 12. Bg5 Qc7 13. Kh1 Ng3+ 14. Kg1 Qxc5+ 15. Kh2 Nxf1+ 16. Bxf1 Nc6 17. Qe1 Nd4 18. Nd2 Nxc2 0-1


[Site "https://www.chess.com"]

[Event "Titled Tuesday Blitz July 4 Early 2023"]
[White "cafu1950"]
[Black "Nunez V, Gustavo Eduardo"]
[BlackFideId "4403690"]
[WhiteElo "2600"]
[BlackElo "2474"]
[Result "1-0"]
[Round "5"]
[TimeControl "180+2"]
[Date "2023.07.04"]
[WhiteClock "0:01:55"]
[BlackClock "0:00:40"]
[Board "103"]

1. d4 Nf6 2. Nf3 g6 3. e3 Bg7 4. Nbd2 O-O 5. c4 d6 6. Be2 Nbd7 7. O-O e5 8. b3 Re8 9. Bb2 e4 10. Ne1 h6 11. Nc2 c6 12. a4 a5 13. b4 axb4 14. Nxb4 Nh7 15. Qc2 f5 16. Bc3 Nhf6 17. a5 c5 18. dxc5 dxc5 19. Nd5 Nxd5 20. cxd5 Ne5 21. Nc4 Kh7 22. Rfd1 Nxc4 23. Bxc4 Bxc3 24. Qxc3 Qd6 25. Rab1 Qe5 26. Qxe5 Rxe5 27. d6 Bd7 28. Rxb7 Rd8 29. Bb5 Kg8 30. Rxd7 Rxd7 31. Bxd7 c4 32. a6 c3 33. Ba4 c2 34. Bxc2 Rd5 35. Rxd5 1-0


[Site "https://www.chess.com"]

[Event "Titled Tuesday Blitz July 4 Early 2023"]
[White "Czerw, Dawid"]
[Black "UNSTOPPABLE_LEGEND"]
[WhiteFideId "1145746"]
[WhiteElo "2598"]
[BlackElo "2471"]
[Result "0-1"]
[Round "5"]
[TimeControl "180+2"]
[Date "2023.07.04"]
[WhiteClock "0:00:09"]
[BlackClock "0:01:22"]
[Board "104"]

1. e4 d6 2. Nc3 Nf6 3. d4 e5 4. Nf3 exd4 5. Nxd4 Be7 6. g3 O-O 7. Bg2 Nbd7 8. O-O Re8 9. h3 c6 10. Bf4 Bf8 11. Qd2 Ne5 12. g4 Nc4 13. Qc1 Qb6 14. Nb3 a5 15. a4 h5 16. g5 Nd7 17. Rb1 Nde5 18. Qd1 h4 19. Kh1 g6 20. Bh2 Bg7 21. Bg1 Nxb2 22. Rxb2 Nc4 23. Rb1 Bxc3 24. Qd3 Qb4 25. f4 Be6 26. f5 Ne5 27. fxe6 Nxd3 28. exf7+ Kg7 29. fxe8=Q Rxe8 30. cxd3 Qxa4 31. Nd4 Bxd4 32. Rxb7+ Kg8 33. Rff7 Qa1 34. Rf1 Qc3 35. Rff7 Bxg1 36. Kxg1 a4 37. Bf1 a3 38. d4 Qxd4+ 39. Kh2 a2 40. Bc4 Qxc4 41. Rg7+ Kf8 0-1


[Site "https://www.chess.com"]